 Dungeon Crawl Stone Soup version 0.22-a0-109-gbeb7240 (webtiles) character file.

23 Kavrick the Skirmisher (level 2, -2/24 HPs)
             Began as a Demonspawn Fighter on Jan 26, 2018.
             Slain by a worker ant (5 damage)
             ... on level 2 of the Dungeon.
             The game lasted 00:01:47 (831 turns).

Kavrick the Skirmisher (Demonspawn Fighter)          Turns: 831, Time: 00:01:47

Health: -2/24      AC:  6    Str: 16    XL:     2   Next: 72%
Magic:  2/2        EV:  7    Int:  9    God:
Gold:   24         SH:  8    Dex: 12    Spells: 1/1 levels left

rFire    . . .     SeeInvis .   a - +0 long sword
rCold    . . .     Gourm    .   c - +0 shield
rNeg     . . .     Faith    .   b - +0 scale mail
rPois    .         Spirit   .   (no helmet)
rElec    .         Reflect  .   (no cloak)
rCorr    .         Harm     .   (no gloves)
MR       .....                  (no boots)
Stlth    +.........             (no amulet)
HPRegen  0.08/turn              (no ring)
MPRegen  0.08/turn              (no ring)

@: no status effects
A: nightstalker 1
a: no special abilities


You were on level 2 of the Dungeon.
You were not hungry.

You visited 1 branch of the dungeon, and saw 2 of its levels.

You collected 24 gold pieces.

Inventory:

Hand Weapons
 a - a +0 long sword (weapon)
Armour
 b - a +0 scale mail (worn)
 c - a +0 shield (worn)
Scrolls
 e - a scroll of teleportation {unknown}
 h - a scroll of remove curse {unknown}
Potions
 d - a potion of might
 i - a potion of curing {unknown}
 j - 2 potions of brilliance {unknown}
Comestibles
 f - 3 rations
 g - 3 chunks of flesh


   Skills:
 + Level 3.2 Fighting
 * Level 2.2 Long Blades
 + Level 2.8 Armour
 + Level 0.7 Dodging
 + Level 2.8 Shields


You had one spell level left.
You didn't know any spells.

Dungeon Overview and Level Annotations

Branches:
Dungeon (2/15)

Altars:
Ru


Innate Abilities, Weirdness & Mutations

You are slightly more attuned to the shadows.


Message History

You are too injured to fight recklessly!
You are too injured to fight recklessly!
You are too injured to fight recklessly!
You are too injured to fight recklessly!
You are too injured to fight recklessly!
You are too injured to fight recklessly!
You are too injured to fight recklessly!
You hit the worker ant.
The worker ant is severely wounded.
The worker ant bites you but does no damage.
You completely miss the worker ant.
The worker ant is severely wounded.
The worker ant bites you.
* * * LOW HITPOINT WARNING * * *
The worker ant bites you.
* * * LOW HITPOINT WARNING * * *
You closely miss the worker ant.
The worker ant is severely wounded.
The worker ant closely misses you. The worker ant bites you.
You die...

### ..# #######
#.# #..#..# #a#
#..#..## #@#
≈......#########.#
##...............#
≈.....#####.######
#..#..# #.#
#..#..# #.#
####### #.#
...#..# #.#
......# #.#


You could see a worker ant.

Vanquished Creatures
  A worm (D:2)
  2 leopard geckos (D:1)
  A bat (D:1)
  A giant cockroach (D:1)
  3 goblins (D:1)
  2 hobgoblins (D:1)
  3 kobolds (D:1)
  2 frilled lizards (D:1)
  A rat (D:2)
16 creatures vanquished.

Notes
Turn   | Place    | Note
-------+----------+-------------------------------------------
     0 | D:1      | Kavrick the Demonspawn Fighter began the quest for the Orb.
     0 | D:1      | Reached XP level 1. HP: 18/18 MP: 1/1
   264 | D:1      | Gained mutation: You are slightly more attuned to the shadows. [demonic ancestry]
   264 | D:1      | Reached XP level 2. HP: 24/24 MP: 2/2
   798 | D:2      | Found a sacrificial altar of Ru.
   831 | D:2      | Slain by a worker ant

Vault maps used:
D:1:      minmay_arrival_diagonal_passages, wad_floor_pattern_1
D:2:      grunt_temple_overflow_opulence, tgw_trog, hangedman_ru_absence,
          lemuel_zombie_altar_kikubaaqudgha

Skill      XL: |  1 |
---------------+----+-----
Long Blades    | 2 |  2.2
Fighting       | |  3.2
Armour         | |  2.8
Dodging        | |  0.7
Shields        | |  2.8

Action                   || total
-------------------------++-------
Melee: Long sword        ||    68
Armor: Scale mail        ||    30
Dodge: Dodged            ||    22
Block: Shield            ||    37
       Rpst.: Long sword ||     5

Table legend:
 A = Spawn XP
 B = Non-spawn XP
 C = Spawn XP percentage of total XP
 D = Spawn monster count
 E = Non-spawn monster count
 F = Spawn count percentage of total count
 G = Total turns spent on level
                    A         B        C        D         E        F      G
               +---------+---------+-------+---------+---------+-------+---------
         Total |       0 |      33 |   0.0 |       0 |      16 |   0.0 |   831
               +---------+---------+-------+---------+---------+-------+---------
           D:1 |       0 |      27 |   0.0 |       0 |      14 |   0.0 |   759
           D:2 |       0 |       6 |   0.0 |       0 |       2 |   0.0 |    72
               +---------+---------+-------+---------+---------+-------+---------
